 Dungeon Crawl Stone Soup version 0.30.1-11-g7821555f0a (webtiles) character file.

Game seed: 1482704268947225721

102 Glitchless the Ruffian (level 4, 0/45 HPs)
             Began as a Troll Berserker on Dec 5, 2023.
             Was a Believer of Trog.
             Slain by Crazy Yiuf
             ... wielding a +2 quarterstaff of chaos
              (5 damage)
             ... on level 3 of the Dungeon.
             The game lasted 00:06:40 (1513 turns).

Glitchless the Ruffian (Troll Berserker)            Turns: 1513, Time: 00:06:41

Health: 0/45       AC:  4    Str: 25    XL:     4   Next: 49%
Magic:  3/3        EV: 10    Int:  3    God:    Trog [**....]
Gold:   93         SH:  0    Dex: 11    Spells: 3/3 levels left

rFire   + .          .
                       - Unarmed
rCold   . . .        (no shield)
rNeg    . . .        a - +0 animal skin
rPois   .            (helmet restricted)
rElec   .            (no cloak)
rCorr   .            (gloves unavailable)
SInv    .            (boots unavailable)
Will    .....        (no amulet)
Stlth   +            d - ring of protection from fire
HPRegen 1.07/turn    (no ring)
MPRegen 0.08/turn

%: no passive effects
@: no status effects
A: large, unfitting armour, claws 3, regeneration 1, shaggy fur 1, tough skin 1
a: Renounce Religion, Berserk, Trog's Hand


You were on level 3 of the Dungeon.
You worshipped Trog.
Trog was pleased with you.
You visited 1 branch of the dungeon, and saw 3 of its levels.

You collected 93 gold pieces.

Inventory:

Hand Weapons
 l - a +3 short sword
 o - a +0 sling
Missiles
 k - 5 boomerangs (quivered)
 m - 43 stones
Armour
 a - a +0 animal skin (worn)
Jewellery
 d - a ring of protection from fire (left claw)
 r - an amulet of the acrobat
Wands
 p - a wand of flame (16)
 q - a wand of acid (2)
Scrolls
 b - a scroll of fog {unknown}
 h - a scroll of amnesia {unknown}
 j - a scroll of identify {unknown}
 n - a scroll of vulnerability {unknown}
Potions
 c - a potion of mutation {unknown}
 e - 4 potions of curing {unknown}
 f - a potion of might {unknown}
 g - 4 potions of haste {unknown}
 i - a potion of lignification {unknown}


   Skills:
 * Level 3.0 Fighting
 * Level 0.7 Armour
 * Level 2.9 Dodging
 * Level 4.1 Unarmed Combat


You had 3 spell levels left.
You didn't know any spells.
Your spell library was empty.

Dungeon Overview and Level Annotations

Branches:
Dungeon (3/15)

Altars:

Shops:
D:1 [

Annotations:
D:3 Crazy Yiuf


Innate Abilities, Weirdness & Mutations

You are too large for most types of armour.
You have claws for hands.
Your natural rate of healing is unusually fast.
You are covered in fur. (AC +1)
You have tough skin. (AC +1)


Message History

You kill the rat!
Trog accepts your kill.
You see here a rat corpse.
Found a stone staircase leading up.
Found a hammer.
Found a hammer.
Found a hammer.
You see here a +0 hammer.
You see here a +0 hammer.
You see here a +0 hammer.
You scratch the bush.
The bush is lightly damaged.
You scratch the bush but do no damage.
The bush is lightly damaged.
You scratch the bush.
The bush is lightly damaged.
You scratch the bush but do no damage.
The bush is lightly damaged.
You completely miss the bush.
The bush is lightly damaged.
Found a runed hammer.
Found a runed translucent door.
Crazy Yiuf shouts!
Crazy Yiuf says, "Pitchfork spinner action!"
Press: ? - help, v - describe, . - travel, g - get item Item here: a runed hammer.
The floor.
You open the door. You barely miss Crazy Yiuf.
Crazy Yiuf hits you with a +2 quarterstaff of chaos!
Space warps horribly around you!!
You claw Crazy Yiuf!
Crazy Yiuf is heavily wounded.
Crazy Yiuf hits you with a +2 quarterstaff of chaos!
* * * LOW HITPOINT WARNING * * *
Crazy Yiuf burns you.
* * * LOW HITPOINT WARNING * * *
You barely miss Crazy Yiuf.
Crazy Yiuf is heavily wounded.
Crazy Yiuf hits you with a +2 quarterstaff of chaos.
You die...

######### #.......###
####.##.##. #...#.#.#
♣♣♣♣♣###....... ###
♣♣♣.♣.P..####....
#...#♣..♣.P..).###..#.
#...g@♣♣♣♣PP........##
#)..#♣♣ ♣♣.).)####.##
### ♣♣#### ##...
..<...# ....... #####
....#.# ##.#.# ....#.#
##....# .... #.#
#.....# #... #..


You could see Crazy Yiuf.

Vanquished Creatures
  2 adders (D:2)
  2 worms (D:2)
  4 dart slugs
  An orc (D:3)
  2 ball pythons (D:1)
  3 bats
  3 endoplasms
  3 giant cockroaches
  7 goblins
  8 hobgoblins
  10 jackals
  6 kobolds
  2 quokkas
  3 frilled lizards
  7 rats
63 creatures vanquished.

Notes
Turn   | Place    | Note
-------+----------+-------------------------------------------
     0 | D:1      | Glitchless the Troll Berserker began the quest for the Orb.
     0 | D:1      | Reached XP level 1. HP: 22/22 MP: 0/0
    78 | D:1      | Reached XP level 2. HP: 29/29 MP: 1/1
   132 | D:1      | Found Qonupe's Armour Emporium.
   303 | D:1      | Reached ** piety under Trog
   349 | D:1      | Reached XP level 3. HP: 36/36 MP: 2/2
   962 | D:2      | Reached XP level 4. HP: 42/45 MP: 3/3
  1068 | D:2      | Reached skill level 4 in Unarmed Combat
  1345 | D:3      | Reached *** piety under Trog
  1356 | D:3      | Found a faded altar of an unknown god.
  1506 | D:3      | Found a runed translucent door.
  1507 | D:3      | Noticed Crazy Yiuf
  1513 | D:3      | Slain by Crazy Yiuf

Illustrated notes

Levels and vault maps discovered:
D:1:      reono_arrival_forest_river, layout_loops_ring, serial_shops,
          nicolae_shop_tiny_glass
D:2:      layout_rooms, nicolae_underground_beach
D:3:      layout_loops_cross, nicolae_overflow_ecumenical_swirl,
          general_overflow_altar, hellmonk_ecumenical_altar_lost_god,
          uniq_crazy_yiuf_cottage

Skill      XL: |  1  2  3  4 |
---------------+-------------+-----
Fighting       | 3 |  3.0
Unarmed Combat | 4 |  4.1
Armour         | |  0.7
Dodging        | |  2.9

Action                     |  1- 3 |  4- 6 || total
---------------------------+-------+-------++-------
  Melee: Unarmed           |    89 |    39 ||   128
   Stab: Sleeping          |     1 |       ||     1
 Armour: Animal skin       |    26 |     9 ||    35
  Dodge: Dodged            |    47 |    10 ||    57
